 Dungeon Crawl Stone Soup version 0.27.1-33-g824d729ab1 (webtiles) character file.

Game seed: 8578022600272695862

36 ces the Chopper (level 3, 0/31 HPs)
             Began as a Minotaur Monk on Dec 12, 2021.
             Succumbed to a scorpion's poison
             ... on level 2 of the Dungeon.
             The game lasted 00:01:20 (1208 turns).

ces the Chopper (Minotaur Monk)                     Turns: 1208, Time: 00:01:21

Health: 0/31       AC:  2    Str: 14 (16) XL:     3   Next: 19%
Magic:  2/2        EV: 12    Int:  5 (7)  God:
Gold:   19         SH:  0    Dex:  9 (12) Spells: 2/2 levels left

rFire    . . .     SeeInvis .   a - +0 hand axe
rCold    . . .     Faith    .   (no shield)
rNeg     . . .     Spirit   .   b - +0 robe
rPois    .         Reflect  .   (helmet restricted)
rElec    .         Harm     .   (no cloak)
rCorr    .         Rampage  .   (no gloves)
Will     .....                  (no boots)
Stlth    +.........             (no amulet)
HPRegen  0.10/turn              (no ring)
MPRegen  0.08/turn              (no ring)

@: lethally poisoned (0 -> -6)
A: horns 2, retaliatory headbutt
a: no special abilities


You were on level 2 of the Dungeon.
You visited 1 branch of the dungeon, and saw 2 of its levels.

You collected 19 gold pieces.

Inventory:

Hand Weapons
 a - a +0 hand axe (weapon)
Armour
 b - a +0 robe (worn)
Jewellery
 f - an amulet of guardian spirit
Scrolls
 e - a scroll of noise


   Skills:
 - Level 3.6 Fighting
 * Level 4.8 Axes
 + Level 1.7 Armour
 - Level 3.2 Dodging
 - Level 1.5 Stealth


You had 2 spell levels left.
You didn't know any spells.
Your spell library contained the following spells:

 Spells                   Type           Power      Damage    Failure   Level
 Sandblast                Erth           0%         2d4       47%         1


Dungeon Overview and Level Annotations

Branches:
Dungeon (2/15)

Altars:


Innate Abilities, Weirdness & Mutations

You have a pair of horns on your head.
You reflexively headbutt those who attack you in melee.


Message History

You kill the frilled lizard!
No target in view!
No target in view!
A scorpion comes into view.
A scorpion is nearby!
The scorpion stings you!
You are poisoned.
The scorpion poisons you!
You slash the scorpion!
The scorpion is heavily wounded.
You feel very sick. The scorpion closely misses you.
You closely miss the scorpion.
The scorpion is heavily wounded.
You feel very sick. The scorpion stings you.
You are lethally poisoned!
The scorpion poisons you!
You are too injured to fight recklessly!
You are too injured to fight recklessly!
It was a potion of degeneration.
There was something very wrong with that liquid.
You feel weakened.
You feel dopey.
You feel clumsy.
* * * LOW HITPOINT WARNING * * *
You feel very sick. The scorpion barely misses you. The scorpion misses you.
You furiously retaliate!
You headbutt the scorpion!
As you read the scroll labelled JISOAJ DORGHO, it crumbles to dust.
It is a scroll of identify.
e - a scroll of noise
* * * LOW HITPOINT WARNING * * *
You feel very sick. The scorpion barely misses you.
* * * LOW HITPOINT WARNING * * *
You feel sick.
* * * LOW HITPOINT WARNING * * *
You feel sick.
* * * LOW HITPOINT WARNING * * *
You feel sick.
You die...

...... #. ##### ..... ...
#.... .... #.######## #.###
$.. #^#......# #.#.. ..
#.#......# #.#.#
#.###.#......# #..<.
#..##.#......##########
##.#.#.#.#@......'.........
#...?...s.#......##########
##.##+##.##......#
#..#......# +.##......#
#..######## #.## .........#
#.#.#.#.##


You could see a scorpion.

Vanquished Creatures
  An adder (D:2)
  A ball python (D:1)
  2 endoplasms
  2 giant cockroaches
  4 goblins (D:1)
  4 jackals (D:1)
  A quokka (D:1)
  2 frilled lizards
  3 kobolds (D:1)
  4 rats (D:1)
24 creatures vanquished.

Notes
Turn   | Place    | Note
-------+----------+-------------------------------------------
     0 | D:1      | ces the Minotaur Monk began the quest for the Orb.
     0 | D:1      | Reached XP level 1. HP: 19/19 MP: 0/0
   106 | D:1      | Reached skill level 4 in Axes
   109 | D:1      | Reached skill level 1 in Armour
   112 | D:1      | Reached XP level 2. HP: 16/26 MP: 1/1
   858 | D:1      | Found a faded altar of an unknown god.
   866 | D:1      | Got Plato's Compendium of Earth
  1095 | D:2      | Reached XP level 3. HP: 23/31 MP: 2/2
  1198 | D:2      | Noticed a scorpion
  1208 | D:2      | Succumbed to a scorpion's poison

Illustrated notes

Levels and vault maps discovered:
D:1:      saegor_arrival_miasma, layout_basic,
          shapermc_ecumenical_altar_rom_forum, skrybe_limestone_x
D:2:      layout_basic, minmay_misc_feat_doors

Skill      XL: |  1 |
---------------+----+-----
Axes           | 4 |  4.8
Armour         | 1 |  1.7
Fighting       | |  3.6
Dodging        | |  3.2
Stealth        | |  1.5

Action                   || total
-------------------------++-------
Melee: Hand axe          ||    62
       Headbutt          ||     7
  Use: Scroll            ||     1
       Potion            ||     1
 Stab: Sleeping          ||     3
Armor: Robe              ||    10
Dodge: Dodged            ||    42
